Cogmind - Beta 16.1 @@@ ROGUE MODE // 2026.04.16 @ 00:15:58 Player: mephiles96 Result: Destroyed by P-80 Master with Gamma Rifle Performance ------------- Evolutions (8) 4000 Regions Visited (14) 2800 Robots Destroyed (82) 410 Value Destroyed (2050) 2050 Prototype IDs (6) 120 Alien Tech Used (0) 0 Bonus (0) 0 TOTAL SCORE: 9380 Bonus ------- None Cogmind --------- Core Integrity 0/1450 Matter 282/300 Energy 67/100 System Corruption 1% Temperature Cool (0) Movement Treading (145) Location -2/Research Parts ------- > --- POWER (1) -------- (None) > --- PROPULSION (8) --- Biometal Heavy Treads > --- UTILITY (12) ----- Enhanced Optical Array Advanced Signal Interpreter Advanced Terrain Scanner Improved Terrain Scan Processor > --- WEAPON (2) ------- (None) > --- INVENTORY (5) ---- Cooled VTOL Module Advanced Reaction Control System Peak State ------------ > --- POWER ------------ Micro Antimatter Reactor > --- PROPULSION ------- Advanced Medium Treads Improved Thunder Leg Antigrav Array > --- UTILITY ---------- Advanced Power Amplifier Enhanced Optical Array Advanced Signal Interpreter Improved Terrain Scan Processor Improved Transmission Jammer Improved Transmission Jammer Hacking Suite Drone Bay > --- WEAPON ----------- Tesla Bomb Launcher > --- INVENTORY -------- Cooled VTOL Module Advanced Reaction Control System [Rating: 87] Favorites ----------- Power Ion Engine Engine Ion Engine Power Core Light Nuclear Core Reactor Antimatter Reactor Propulsion Cooled VTOL Module Treads Light Treads Leg Improved Thunder Leg Wheel Wheel Hover Unit Antigrav System Flight Unit Cooled VTOL Module Utility Hacking Suite Device Improved Sensor Array Storage Small Storage Unit Processor Improved Signal Interpreter Hackware Hacking Suite Protection Improved Propulsion Shielding Weapon Powered Hammer Energy Gun Medium Laser Ballistic Gun Heavy Machine Gun Ballistic Cannon Battle Cannon Launcher Tesla Bomb Launcher Special Weapon Mining Laser Impact Weapon Powered Hammer Build | -11 -10 -10 -10 -8 -7 -6 -6 -6 -5 -4 -4 -4 -3 -2 ------- Run | Yrd Mat Min Sub Mat Fac Fac Was Fac Fac Fac Upp Upp Res Res Slots Evolved 16 | . . . . 4 2 2 . . 2 2 . . 2 2 Power . | . . . . . . . . . . . . . . . Propulsion 6 | . . . . 2 . 1 . . 1 . . . 1 1 Utility 10 | . . . . 2 2 1 . . 1 2 . . 1 1 Weapon . | . . . . . . . . . . . . . . . Parts Attached 123 | 8 6 2 3 13 14 8 8 14 5 2 18 1 15 6 Power 14 | 1 . 1 . 3 . 1 2 2 . 1 1 . 1 1 Engine 6 | 1 . 1 . 2 . 1 . 1 . . . . . . Core 2 | . . . . 1 . . . 1 . . . . . . Reactor 6 | . . . . . . . 2 . . 1 1 . 1 1 Propulsion 38 | 2 . 1 . 3 6 4 2 4 1 1 3 . 7 4 Treads 7 | 2 . . . 1 . . 2 . . . . . 1 1 Leg 7 | . . . . 1 . . . . . . . . 4 2 Wheel 3 | . . 1 . . . . . . . . 1 . . 1 Hover 5 | . . . . . . . . 1 . . 2 . 2 . Flight 16 | . . . . 1 6 4 . 3 1 1 . . . . Utility 49 | 3 4 . 1 5 6 3 2 5 4 . 11 . 4 1 Device 24 | 2 . . . 3 1 2 2 2 2 . 6 . 3 1 Storage 6 | 1 3 . . . 1 . . 1 . . . . . . Processor 7 | . . . . 2 2 . . 1 . . 1 . 1 . Hackware 4 | . . . . . 2 1 . . 1 . . . . . Protection 8 | . 1 . 1 . . . . 1 1 . 4 . . . Artifact . | . . . . . . . . . . . . . . . Weapon 22 | 2 2 . 2 2 2 . 2 3 . . 3 1 3 . Energy Gun 6 | 2 1 . . . . . . . . . . 1 2 . Energy Cannon . | . . . . . . . . . . . . . . . Ballistic Gun 10 | . . . 2 1 1 . 1 3 . . 2 . . . Ballistic Cannon 3 | . . . . 1 . . 1 . . . 1 . . . Launcher 1 | . . . . . . . . . . . . . 1 . Special Weapon 1 | . 1 . . . . . . . . . . . . . Impact Weapon 1 | . . . . . 1 . . . . . . . . . Slashing Weapon . | . . . . . . . . . . . . . . . Piercing Weapon . | . . . . . . . . . . . . . . . Special Melee Weapon . | . . . . . . . . . . . . . . . Unidentified Prototypes 6 | . . . . . 1 1 . . 1 . 1 . 1 1 Corrupted Parts 4 | . . . . . . . . . . . . . 4 . System Corruption 39 | . . . . . . . . . . . . . 39 . Parts Lost 81 | . 1 5 2 1 3 12 . 3 1 9 17 6 16 5 Power 10 | . . 2 . . 1 2 . . . 2 1 . 1 1 Propulsion 30 | . . 1 1 1 1 6 . 1 . 4 3 1 8 3 Utility 27 | . . 1 . . 1 3 . 1 1 3 10 2 4 1 Weapon 14 | . 1 1 1 . . 1 . 1 . . 3 3 3 . Highest Loss Streak 11 | . 1 4 2 1 2 8 . 3 1 8 11 9 7 3 To Critical Strikes 1 | . . . . . . . . . . . . 1 . . Average Backups 7 | 4 9 14 13 14 6 6 5 6 7 6 3 1 1 2 Power . | . 1 . . . . . . . . . . . . . Propulsion 2 | 1 2 6 6 6 2 . . . 1 2 1 1 1 1 Utility 2 | 1 3 5 5 3 2 4 4 4 4 2 . . . 1 Weapon 1 | . 2 1 1 3 1 1 1 1 2 2 2 . . . Tool/Special . | . . . . . . . . . . . . . . . Unused Backups 11 | . 2 . . . 2 2 . 2 3 . . . . . Power 1 | . . . . . 1 . . . . . . . . . Propulsion 2 | . 1 . . . . . . . 1 . . . . . Utility 6 | . . . . . . 2 . 2 2 . . . . . Weapon 1 | . 1 . . . . . . . . . . . . . Tool/Special 1 | . . . . . 1 . . . . . . . . . Average Slot Usage (%) 81 | . 98 95 78 78 96 81 71 87 92 82 73 45 48 22 Engine 3 | . 14 11 . 3 . 2 . . 4 3 . . . . Core 1 | . . . . 1 6 2 . 1 . . . . . . Treads 8 | . 28 25 14 14 . . 5 4 . . . . 3 . Flight 12 | . . . . 4 28 24 13 18 34 25 9 6 2 . Device 14 | . 13 3 . 15 12 12 17 21 10 14 17 13 11 3 Storage 5 | . 14 14 14 9 3 3 . 3 5 5 1 . . . Processor 7 | . . . . 8 14 8 6 6 5 5 9 10 13 13 Hackware 7 | . . . . . 7 17 13 13 16 15 10 8 3 . Protection 2 | . . 9 12 2 3 . . . 4 4 7 . . . Energy Gun 5 | . 25 26 11 . . . . . . . . . . . Ballistic Gun 4 | . . . 14 14 10 3 2 7 . . 3 . . . Impact Weapon 2 | . . . . . 3 3 . 3 4 5 3 3 . . Peak Build Rating 87 | 7 8 8 11 24 33 43 59 66 61 74 73 52 87 46 Average Rating 37 | 6 7 7 10 18 28 33 54 58 56 68 65 35 65 31 On Entrance 27 | . 7 8 5 9 24 33 23 59 50 54 36 52 28 20 Avg Prop Armor Cover (%) 5 | . . 13 12 3 8 . 4 2 1 4 4 . 19 . Naked Turns . | . . . . . . . . . . . . . . . Heaviest Build 36 | 15 31 30 28 35 35 27 33 36 22 29 27 2 28 16 Greatest Support 70 | 40 40 40 20 40 21 28 70 70 24 31 22 5 65 58 Greatest Overweight (x) 9 | . . 1 8 1 1 . 1 6 2 1 6 . 9 . Average Overweight (x) . | . . . 1 . . . . . . . 1 . . . Largest Inventory Capacity 25 | 8 25 15 15 15 15 10 5 8 8 8 8 5 5 5 Average Capacity 8 | 7 12 15 15 15 6 7 5 6 8 8 5 5 5 5 Most Carried 15 | 7 15 15 15 15 15 10 5 8 8 7 8 2 3 2 Average Carried 7 | 4 9 14 13 14 6 6 5 6 7 6 3 1 1 2 Final Capacity 15 | 8 15 15 15 15 8 5 5 8 8 8 5 5 5 5 Final Carried 15 | 7 15 14 14 15 8 5 5 8 8 7 2 1 2 2 Class Distribution -------------------- 33% | Mutant 13% | Hacker-Mutant 12% | Scavenger-Mutant 7% | Hacker-Scout 6% | Scavenger-Skirmisher 5% | Scavenger-Scout 5% | Hacker-Sprinter 4% | Skirmisher 3% | Scavenger-Assassin Dominant Class ---------------- Mutant | -10/Materials Mutant | -10/Mines Mutant | -10/Subcaves Skirmisher | -8/Materials Scavenger-Scout | -7/Factory Hacker-Scout | -6/Factory Scavenger-Mutant | -6/Waste Scavenger-Assassin | -6/Factory Hacker-Scout | -5/Factory Hacker-Ninja | -4/Factory Hacker-Mutant | -4/Upper Caves Hacker-Mutant | -4/Upper Caves Mutant | -3/Research Mutant | -2/Research Resources | -11 -10 -10 -10 -8 -7 -6 -6 -6 -5 -4 -4 -4 -3 -2 ----------- Run | Yrd Mat Min Sub Mat Fac Fac Was Fac Fac Fac Upp Upp Res Res Matter Collected 2407 | 280 115 17 36 496 . 287 120 331 121 25 406 . 165 8 Remotely . | . . . . . . . . . . . . . . . Salvage Created 2929 | 270 388 17 36 500 . 357 . 335 203 25 600 . 198 . Parts 121 | 18 18 2 . 28 . 6 . 18 5 . 19 . 7 . Haulers Intercepted 2 | . 1 . . . . . . . . . 1 . . . Recyclers Shooed 2 | 1 . . . 1 . . . . . . . . . . Parts Field Recycled . | . . . . . . . . . . . . . . . Retrieved Matter . | . . . . . . . . . . . . . . . Parts Self-Destructed 13 | . . . . . . . . . . . 13 . . . Prevented 2 | . . . . . . . . . . . 2 . . . Parts Restored . | . . . . . . . . . . . . . . . Kills | -11 -10 -10 -10 -8 -7 -6 -6 -6 -5 -4 -4 -4 -3 -2 ------- Run | Yrd Mat Min Sub Mat Fac Fac Was Fac Fac Fac Upp Upp Res Res Combat Hostiles Destroyed 39 | . 10 1 1 8 . 1 . 8 1 . 6 . 2 1 Melee 2 | . . . . . . . . 1 . . . . . 1 Guns 28 | . 9 1 1 8 . . . 5 . . 4 . . . AOE 2 | . . . . . . 1 . . . . . . 1 . Classes Destroyed 13 | 3 4 . 1 2 . 1 . 1 . . 1 . . . Worker 14 | 2 1 . . 3 . 8 . . . . . . . . Builder 7 | . . . . . . 2 . . 4 1 . . . . Tunneler 9 | 8 . . . 1 . . . . . . . . . . Hauler 2 | . 1 . . . . . . . . . 1 . . . Recycler 3 | 1 . . . 1 . 1 . . . . . . . . Operator 3 | . 1 . . 1 . . . . . . . . 1 . Watcher 5 | . . . . 1 . 1 . 1 2 . . . . . Swarmer 14 | . 5 1 . 3 . 1 . 3 . . . . . 1 Grunt 14 | . 5 . . 3 . . . . 1 . 3 . 2 . Sentry 6 | . . . . 2 . . . 3 . . 1 . . . Programmer 4 | . . . . . . . . 2 . . 2 . . . Subdweller 1 | . . . 1 . . . . . . . . . . . Decomposer 1 | . . . . . . . . . . . 1 . . . Samaritan 2 | . . . . . . . . . . . 2 . . . Best Kill Streak 7 | 4 5 1 1 3 . 7 . 3 2 1 3 . 2 1 Combat Bots Only 5 | . 5 1 1 3 . 1 . 3 1 . 2 . 2 1 Max Kills in Single Turn 1 | 1 1 1 1 1 . 1 . 1 1 1 1 . 1 1 Gunslinging . | . . . . . . . . . . . . . . . Exploded 1 | . . . . . . 1 . . . . . . 1 . Melee 1 | . . . . . . . . 1 . . . . . 1 Uniques/NPCs Destroyed . | . . . . . . . . . . . . . . . Combat | -11 -10 -10 -10 -8 -7 -6 -6 -6 -5 -4 -4 -4 -3 -2 -------- Run | Yrd Mat Min Sub Mat Fac Fac Was Fac Fac Fac Upp Upp Res Res Hostile Shots Fired 993 | . 49 11 4 51 55 47 . 193 21 100 142 40 141 139 Missed 382 | . 15 1 . 15 31 26 . 80 14 44 48 13 51 44 Hits 611 | . 34 10 4 36 24 21 . 113 7 56 94 27 90 95 Projectile 611 | . 34 10 4 36 24 21 . 113 7 56 94 27 90 95 AOE 9 | . . 6 . . . 1 . . 2 . . . . . Critical Strikes 27 | . . . . 3 . 2 . 4 . 1 4 2 9 2 Actively Blocked 1 | . . . . . . . . . . . 1 . . . Part Disruptions 1 | . . . . . . . . . . . . . 1 . Damage Taken 11252 | . 402 292 112 486 219 671 . 1095 171 971 1911 498 2173 2251 Core 3516 | . 81 55 . 44 41 213 . 265 25 364 344 245 374 1465 Absorbed by Shields 40 | . . . . . 40 . . . . . . . . . Redirected to Shielding 284 | . . . . . . . . . 37 70 177 . . . Regen/Repaired (Parts) 224 | . . . . . . 8 . 50 125 41 . . . . Core Remaining (%) 69 | 100 . . 45 92 94 . . 43 97 . . 17 71 . Volleys Fired 225 | 60 33 2 4 44 2 9 . 37 . . 20 4 10 . Largest 2 | 1 2 2 2 2 2 1 . 2 . . 2 1 1 . Hottest 100 | 50 100 90 75 100 60 23 . 60 . . 63 81 46 . Shots Fired 335 | 60 64 4 5 87 3 9 . 51 . . 38 4 10 . Gun 316 | 60 63 4 5 82 2 9 . 51 . . 37 3 . . Cannon 7 | . . . . 4 1 . . . . . 1 1 . . Launcher 10 | . . . . . . . . . . . . . 10 . Special 2 | . 1 . . 1 . . . . . . . . . . Kinetic 192 | . . . 4 86 3 9 . 51 . . 38 1 . . Thermal 126 | 58 61 2 1 1 . . . . . . . 3 . . Explosive . | . . . . . . . . . . . . . . . Electromagnetic 17 | 2 3 2 . . . . . . . . . . 10 . Robot Hit Streak 15 | 8 10 2 6 15 . 2 . 14 . . 8 3 5 . Robot Miss Streak 4 | 4 3 1 . 4 . 3 . 3 . . 3 1 1 . Penetration Max . | . . . . . . . . . . . . . . . Secondary Targets 3 | . 1 . . 1 . . . . . . 1 . . . Max Gunslinging Chain 1 | . 1 . . 1 . . . . . . 1 . . . Shots Hit Robots 270 | 41 41 2 5 51 . 17 . 45 14 9 39 4 2 . Core Hits 112 | 12 20 1 2 23 . 3 . 12 2 . 13 1 10 13 Critical Kills 1 | . . . . . . . . 1 . . . . . . Critical Parts Destroyed 10 | . . . . . . 4 . 3 1 1 1 . . . Critical Strikes 17 | 3 3 . . . . 4 . 4 1 1 1 . . . Burn 6 | 3 3 . . . . . . . . . . . . . Smash 11 | . . . . . . 4 . 4 1 1 1 . . . Melee Attacks 128 | . . . . . 13 21 . 28 37 16 12 1 . . Impact 128 | . . . . . 13 21 . 28 37 16 12 1 . . Slashing . | . . . . . . . . . . . . . . . Piercing . | . . . . . . . . . . . . . . . Sneak Attacks 21 | . . . . . . 10 . . 6 1 4 . . . Combat Hostiles . | . . . . . . . . . . . . . . . Follow-up Attacks . | . . . . . . . . . . . . . . . Damage Inflicted 7743 | 501 508 22 69 816 . 1335 . 1284 838 309 1277 120 468 196 Guns 3533 | 501 508 22 69 769 . 65 . 883 . . 643 73 . . Cannons 47 | . . . . 47 . . . . . . . . . . Explosions 468 | . . . . . . . . . . . . . 468 . Melee 3497 | . . . . . . 1270 . 399 838 309 634 47 . . Ramming 198 | . . . . . . . . 2 . . . . . 196 Kinetic 2464 | . . . 57 816 . 65 . 883 . . 643 . . . Thermal 1082 | 489 508 . 12 . . . . . . . . 73 . . Explosive . | . . . . . . . . . . . . . . . Electromagnetic 502 | 12 . 22 . . . . . . . . . . 468 . Impact 3497 | . . . . . . 1270 . 399 838 309 634 47 . . Slashing . | . . . . . . . . . . . . . . . Piercing . | . . . . . . . . . . . . . . . Highest Corruption 46 | . . . . . . 1 1 1 1 1 4 4 46 1 Average Corruption 2 | . . . . . . 1 1 1 1 1 3 4 15 1 Corruption Purged . | . . . . . . . . . . . . . . . Corruption Blocked . | . . . . . . . . . . . . . . . Effects 59 | . . . . . . . 3 15 1 2 29 . 9 . Message Errors 17 | . . . . . . . 1 6 . . 9 . 1 . Matter Fused 9 | . . . . . . . . 3 . . 4 . 2 . Heat Flow Errors 10 | . . . . . . . 1 . 1 . 5 . 3 . Energy Discharges 7 | . . . . . . . 1 1 . 1 4 . . . Parts Fused 1 | . . . . . . . . . . 1 . . . . Data Loss (minor) 7 | . . . . . . . . 4 . . 3 . . . Data Loss (major) 2 | . . . . . . . . . . . 2 . . . Misfires 2 | . . . . . . . . 1 . . 1 . . . Alerts 1 | . . . . . . . . . . . 1 . . . Misdirections 3 | . . . . . . . . . . . . . 3 . Overload Shots . | . . . . . . . . . . . . . . . Overflow Damage 1694 | . . . . . . 873 . 135 311 108 245 . 22 . Projectiles . | . . . . . . . . . . . . . . . Explosions 22 | . . . . . . . . . . . . . 22 . Melee 1672 | . . . . . . 873 . 135 311 108 245 . . . Knockbacks 14 | . . . . . . 8 . 2 3 . . . . 1 Impact 14 | . . . . . . 8 . 2 3 . . . . 1 Kinetic . | . . . . . . . . . . . . . . . Secondary . | . . . . . . . . . . . . . . . Self-Inflicted Damage 51 | . . . . . . . . . . . . . 41 10 Shots 4 | . . . . . . . . . . . . . 4 . Rammed 6 | . . . . . . . . 1 . . . . . 5 Targets Rammed 82 | . . . . . . . . 1 . . . . . 81 Kicked 76 | . . . . . . . . . . . . . . 76 Crushed . | . . . . . . . . . . . . . . . Highest Temperature 245 | 180 237 25 6 70 6 11 223 18 245 . 205 38 223 . Average Temperature 64 | 44 93 13 6 24 4 6 120 7 137 . 85 38 108 . Received Heat Transfer 1369 | . 105 . 36 216 24 48 . 168 27 54 408 . 211 72 Effects 3 | . 3 . . . . . . . . . . . . . Interference 3 | . 3 . . . . . . . . . . . . . Siege Activations . | . . . . . . . . . . . . . . . Martial Activations . | . . . . . . . . . . . . . . . Shielding Activations . | . . . . . . . . . . . . . . . Robots Disrupted . | . . . . . . . . . . . . . . . Combat Hostiles . | . . . . . . . . . . . . . . . Robots Corrupted 20 | . . . . . . 8 . 2 5 . 4 . 1 . Combat Hostiles 6 | . . . . . . . . 2 1 . 2 . 1 . Parts Fried 21 | . . . . . . 5 . 3 5 . 4 . 4 . Impact Corruptions 61 | . . . . . . 27 . 5 14 2 13 . . . Robots Melted 2 | . 2 . . . . . . . . . . . . . Combat Hostiles 1 | . 1 . . . . . . . . . . . . . Parts Melted 4 | . 4 . . . . . . . . . . . . . Heat Transferred 3386 | 1665 1573 . 37 . . . . . . . . 111 . . Parts Sabotaged . | . . . . . . . . . . . . . . . Parts Stolen . | . . . . . . . . . . . . . . . Parts Stripped . | . . . . . . . . . . . . . . . Power Chain Reactions . | . . . . . . . . . . . . . . . Alert | -11 -10 -10 -10 -8 -7 -6 -6 -6 -5 -4 -4 -4 -3 -2 ------- Run | Yrd Mat Min Sub Mat Fac Fac Was Fac Fac Fac Upp Upp Res Res Maximum Alert Level 1 | . . . . . . . . . . 1 . . . . Low Security (%) 99 | 100 100 100 . 100 100 100 100 100 100 69 . . 100 100 Level 1 . | . . . . . . . . . . 30 . . . . Level 2 . | . . . . . . . . . . . . . . . Level 3 . | . . . . . . . . . . . . . . . Level 4 . | . . . . . . . . . . . . . . . Level 5 . | . . . . . . . . . . . . . . . High Security . | . . . . . . . . . . . . . . . Max Security . | . . . . . . . . . . . . . . . Peak Influence 219 | 10 104 60 . 70 107 60 10 62 46 219 . . 160 55 Initial 51 | . . 22 . . 2 51 10 . 28 . . . . 24 Average 22 | 1 23 29 . 14 25 25 . 18 8 134 . . 52 8 Influence Increases 2596 | 55 322 75 . 272 281 312 . 321 140 293 135 . 325 65 Destroy 0b10 Robot/C 760 | . 200 20 . 160 . 20 . 160 20 . 120 . 40 20 Destroy 0b10 Robot/NC 215 | 55 15 . . 35 . 60 . 5 30 5 5 . 5 . Destroy Leader 172 | . 32 10 . 42 . 2 . 62 4 . 10 . 10 . Successful Hack 143 | . 15 . . 18 . 28 . 18 40 24 . . . . Select Force Hacks 50 | . . . . . . . . . . 50 . . . . Disable Machine 120 | . 15 . . . 30 . . 45 . . . . 30 . Anti-Garrison Action 200 | . . . . . . . . . . 200 . . . . Destroy Structure 96 | . . . . 2 11 7 . 16 46 14 . . . . Partial Spotted 105 | . . . . . 75 30 . . . . . . . . Lose Combat Pursuer 735 | . 45 45 . 15 165 165 . 15 . . . . 240 45 Influence Decreases 2596 | 55 265 132 . 266 180 388 31 262 198 185 244 . 280 110 Entered New Map 210 | . . 35 . . 4 56 21 . 31 1 41 . . 21 Time Decay 1890 | 55 255 80 . 256 156 261 10 232 167 94 145 . 120 59 Lost Part 496 | . 10 17 . 10 20 71 . 30 . 90 58 . 160 30 Squads Dispatched 27 | . 1 . . 1 5 5 . 3 3 5 . . 3 1 Investigation 7 | . . . . . 2 2 . . . 3 . . . . Extermination 7 | . . . . . 2 1 . 2 1 . . . 1 . Reinforcement 12 | . 1 . . 1 1 2 . 1 2 1 . . 2 1 Assault . | . . . . . . . . . . . . . . . Garrison 1 | . . . . . . . . . . 1 . . . . Intercept . | . . . . . . . . . . . . . . . Searches Triggered . | . . . . . . . . . . . . . . . Construction Impeded 2 | . . . . . . . . . 1 . . . 1 . Haulers Reinforced 1 | . . . . . . 1 . . . . . . . . Active Scanning Responses . | . . . . . . . . . . . . . . . Cargo Convoy Interrupts 1 | . . . . . . . . 1 . . . . . . Stealth | -11 -10 -10 -10 -8 -7 -6 -6 -6 -5 -4 -4 -4 -3 -2 --------- Run | Yrd Mat Min Sub Mat Fac Fac Was Fac Fac Fac Upp Upp Res Res Distress Signals 1 | . . . . . . . . 1 . . . . . . Communications Jammed . | . . . . . . . . . . . . . . . Distress Signals . | . . . . . . . . . . . . . . . Times Spotted 189 | . 26 12 1 12 15 22 . 23 7 9 17 2 28 15 Peak Tracking Total 10 | . 4 7 1 3 5 7 . 10 4 9 9 2 8 6 Tactical Retreats 28 | . 2 2 . 1 6 7 . 1 . . . . 8 1 Traps | -11 -10 -10 -10 -8 -7 -6 -6 -6 -5 -4 -4 -4 -3 -2 ------- Run | Yrd Mat Min Sub Mat Fac Fac Was Fac Fac Fac Upp Upp Res Res Traps Triggered 18 | . 3 . . 1 4 3 . 3 2 . . . 2 . Indirectly . | . . . . . . . . . . . . . . . Trap Hack Attempts . | . . . . . . . . . . . . . . . Triggered . | . . . . . . . . . . . . . . . Disarmed . | . . . . . . . . . . . . . . . Reprogrammed . | . . . . . . . . . . . . . . . Reused . | . . . . . . . . . . . . . . . Traps Extracted . | . . . . . . . . . . . . . . . Installed . | . . . . . . . . . . . . . . . Triggered . | . . . . . . . . . . . . . . . Machines | -11 -10 -10 -10 -8 -7 -6 -6 -6 -5 -4 -4 -4 -3 -2 ---------- Run | Yrd Mat Min Sub Mat Fac Fac Was Fac Fac Fac Upp Upp Res Res Machines Disabled 8 | . 1 . . . 2 . . 3 . . . . 2 . Max in Single Turn 1 | . 1 . . . 1 . . 1 . . . . 1 . Garrison Access 3 | . . . . . . 1 . 1 . 1 . . . . Machines Repaired . | . . . . . . . . . . . . . . . Machines Dismantled . | . . . . . . . . . . . . . . . Machines Sabotaged 1 | . . . . . . . . . . 1 . . . . Overloaded Fab Kills . | . . . . . . . . . . . . . . . Hacking | -11 -10 -10 -10 -8 -7 -6 -6 -6 -5 -4 -4 -4 -3 -2 --------- Run | Yrd Mat Min Sub Mat Fac Fac Was Fac Fac Fac Upp Upp Res Res Machines Accessed 32 | . 6 . . 2 2 7 . 3 3 5 . . 3 1 Terminals 17 | . 6 . . 1 2 2 . . 2 3 . . . 1 Fabricators 4 | . . . . . . 2 . 1 . . . . 1 . Repair Stations 4 | . . . . . . 1 . 1 1 1 . . . . Recycling Units . | . . . . . . . . . . . . . . . Scanalyzers 3 | . . . . 1 . 1 . . . . . . 1 . Garrison Access 4 | . . . . . . 1 . 1 . 1 . . 1 . Total Hacks 86 | . 25 . . 4 4 20 . 6 8 13 . . 4 2 Successful 48 | . 12 . . 2 1 18 . 3 5 7 . . . . Failed 38 | . 13 . . 2 3 2 . 3 3 6 . . 4 2 Catastrophic 5 | . 2 . . 1 1 . . . . . . . 1 . Database Lockouts . | . . . . . . . . . . . . . . . Manual 47 | . 24 . . 1 4 5 . . 4 7 . . . 2 Terminals 50 | . 25 . . 1 4 5 . . 6 7 . . . 2 Fabricators 8 | . . . . . . 5 . 2 . . . . 1 . Repair Stations 11 | . . . . . . 2 . 3 2 4 . . . . Recycling Units . | . . . . . . . . . . . . . . . Scanalyzers 12 | . . . . 3 . 7 . . . . . . 2 . Garrison Access 5 | . . . . . . 1 . 1 . 2 . . 1 . Terminal Hacks 9 | . 3 . . 1 . 1 . . 3 1 . . . . Branch Access Points 1 | . . . . . . . . . 1 . . . . . Terminal Index 3 | . 1 . . 1 . . . . 1 . . . . . Alert Level 1 | . 1 . . . . . . . . . . . . . Recall Investigation 2 | . . . . . . 1 . . . 1 . . . . Recall Extermination 1 | . . . . . . . . . 1 . . . . . Hauler Manifests 1 | . 1 . . . . . . . . . . . . . Fabricator Hacks 4 | . . . . . . 4 . . . . . . . . Load Schematic 2 | . . . . . . 2 . . . . . . . . Build 2 | . . . . . . 2 . . . . . . . . Repair Station Hacks 9 | . . . . . . 2 . 2 2 3 . . . . Scan Component 5 | . . . . . . 1 . 1 1 2 . . . . Repair 4 | . . . . . . 1 . 1 1 1 . . . . Recycling Unit Hacks . | . . . . . . . . . . . . . . . Scanalyzer 8 | . . . . 1 . 7 . . . . . . . . Insert Component 2 | . . . . . . 2 . . . . . . . . Analyze 2 | . . . . . . 2 . . . . . . . . Retrieve Study 4 | . . . . 1 . 3 . . . . . . . . Garrison Access Hacks 2 | . . . . . . 1 . 1 . . . . . . Seal Access 2 | . . . . . . 1 . 1 . . . . . . Unauthorized Hacks 16 | . 9 . . . 1 3 . . . 3 . . . . Terminals 15 | . 9 . . . 1 3 . . . 2 . . . . Track 6 | . 4 . . . 1 1 . . . . . . . . Botnet 7 | . 4 . . . . 2 . . . 1 . . . . Operators 1 | . 1 . . . . . . . . . . . . . Sabotage 1 | . . . . . . . . . . 1 . . . . Fabricators . | . . . . . . . . . . . . . . . Repair Stations . | . . . . . . . . . . . . . . . Recycling Units . | . . . . . . . . . . . . . . . Scanalyzers . | . . . . . . . . . . . . . . . Garrison Access 1 | . . . . . . . . . . 1 . . . . Jam 1 | . . . . . . . . . . 1 . . . . Data Cores Recovered . | . . . . . . . . . . . . . . . Used . | . . . . . . . . . . . . . . . Hacking Detections 28 | . 6 . . 1 2 6 . 2 3 4 . . 3 1 Full Trace Events 3 | . . . . . . 2 . . . 1 . . . . Feedback Events 1 | . . . . . . . . . . 1 . . . . Corruption 1 | . . . . . . . . . . 1 . . . . Feedback Blocked 1 | . . . . . . . . . . 1 . . . . Robot Schematics Acquired . | . . . . . . . . . . . . . . . Robots Built . | . . . . . . . . . . . . . . . Authchips . | . . . . . . . . . . . . . . . Time . | . . . . . . . . . . . . . . . Total Robot Build Rating . | . . . . . . . . . . . . . . . Part Schematics Acquired 2 | . . . . . . 2 . . . . . . . . Parts Built 2 | . . . . . . 2 . . . . . . . . Authchips . | . . . . . . . . . . . . . . . Time 201 | . . . . . . 201 . . . . . . . . Total Part Build Rating 8 | . . . . . . 8 . . . . . . . . Part Studies Acquired 4 | . . . . 1 . 3 . . . . . . . . Parts Repaired 4 | . . . . . . 1 . 1 1 1 . . . . Time 93 | . . . . . . 13 . 23 22 35 . . . . Parts Recycled . | . . . . . . . . . . . . . . . Recycled Matter . | . . . . . . . . . . . . . . . Retrieved Matter . | . . . . . . . . . . . . . . . Retrieved Components . | . . . . . . . . . . . . . . . Parts Scanalyzed 2 | . . . . . . 2 . . . . . . . . Part Schematics Acquired 2 | . . . . . . 2 . . . . . . . . Parts Damaged . | . . . . . . . . . . . . . . . Bothacking | -11 -10 -10 -10 -8 -7 -6 -6 -6 -5 -4 -4 -4 -3 -2 ------------ Run | Yrd Mat Min Sub Mat Fac Fac Was Fac Fac Fac Upp Upp Res Res Used RIF Installer . | . . . . . . . . . . . . . . . Robots Hacked . | . . . . . . . . . . . . . . . Non-combat . | . . . . . . . . . . . . . . . Combat . | . . . . . . . . . . . . . . . Robot Hacks Applied . | . . . . . . . . . . . . . . . Relay Couplers Released . | . . . . . . . . . . . . . . . Fabnet Peak Effective % . | . . . . . . . . . . . . . . . Robots Rewired . | . . . . . . . . . . . . . . . Allies Hacked . | . . . . . . . . . . . . . . . Hacks Repelled . | . . . . . . . . . . . . . . . Allies | -11 -10 -10 -10 -8 -7 -6 -6 -6 -5 -4 -4 -4 -3 -2 -------- Run | Yrd Mat Min Sub Mat Fac Fac Was Fac Fac Fac Upp Upp Res Res Total Allies . | . . . . . . . . . . . . . . . Largest Group . | . . . . . . . . . . . . . . . Highest-Rated Group . | . . . . . . . . . . . . . . . Highest-Rated Ally . | . . . . . . . . . . . . . . . Total Orders . | . . . . . . . . . . . . . . . Ally Attacks . | . . . . . . . . . . . . . . . Total Damage . | . . . . . . . . . . . . . . . Kills . | . . . . . . . . . . . . . . . Allies Corrupted . | . . . . . . . . . . . . . . . Allies Melted . | . . . . . . . . . . . . . . . Intel | -11 -10 -10 -10 -8 -7 -6 -6 -6 -5 -4 -4 -4 -3 -2 ------- Run | Yrd Mat Min Sub Mat Fac Fac Was Fac Fac Fac Upp Upp Res Res Active Infowar (turns) 7919 | 302 1460 44 . 1222 752 603 438 1136 627 214 358 . 463 300 Optics 763 | . . . . . . . . . . . . . 463 300 Sensors 4992 | . . . . 1222 752 603 438 1136 627 214 . . . . IFF 667 | . . . . . . . . 505 . 162 . . . . Terrain 2534 | . . . . 942 552 306 . . 357 . 358 . . 19 Structural 175 | . . . . . . 175 . . . . . . . . Seismic 1806 | 302 1460 44 . . . . . . . . . . . . Jamming 2 | . . . . . . . . . 1 . 1 . . . Robot Analysis Total . | . . . . . . . . . . . . . . . Derelict Logs Recovered 3 | . . . . . . . . . . . 3 . . . Drone Launches . | . . . . . . . . . . . . . . . Drone Recoveries . | . . . . . . . . . . . . . . . Exploration | -11 -10 -10 -10 -8 -7 -6 -6 -6 -5 -4 -4 -4 -3 -2 ------------- Run | Yrd Mat Min Sub Mat Fac Fac Was Fac Fac Fac Upp Upp Res Res Turns Passed 9661 | 392 1571 176 177 1242 752 603 438 1136 632 226 1510 16 490 300 Spaces Moved 8280 | 162 858 99 123 453 1049 1121 291 1020 941 399 957 12 539 256 Core 242 | 4 . . 1 . . . . 2 . . 16 . 112 107 Treads 2205 | 158 858 80 12 453 14 . 232 386 . . . . 12 . Legs 173 | . . . . . . . . . . . . . 30 143 Wheels 583 | . . 19 110 . . . . . . . 448 . . 6 Hover 708 | . . . . . . . . 2 . . 416 . 290 . Flight 4369 | . . . . . 1035 1121 59 630 941 399 77 12 95 . Fastest Speed 23 | 50 160 115 115 160 31 28 32 23 23 23 32 35 35 50 Average Speed 80 | 157 160 152 129 187 34 30 146 76 23 25 110 35 74 81 Slowest Speed 500 | 160 160 240 450 240 240 34 160 350 165 100 350 35 500 110 Overloaded Moves . | . . . . . . . . . . . . . . . Propulsion Burnouts . | . . . . . . . . . . . . . . . Robots Hopped 15 | . . . . . . 5 . 9 . 1 . . . . Potential Cave-ins . | . . . . . . . . . . . . . . . Cave-ins Triggered . | . . . . . . . . . . . . . . . Exploration Rate (%) 32 | 7 95 23 11 25 34 26 95 22 23 10 89 5 15 12 Regions Visited 14 Branch Regions 4 Pre-discovered Areas . | . . . . . . . . . . . . . . . Known Exits Taken 8 | . . . . 1 1 . . 1 1 1 1 1 1 . Unknown Exits Taken 4 | 1 1 1 1 . . . . . . . . . . . Scrap Searched 3 | . . . . . . . . . . . 3 . . . Spaces Dug 64 | . . . . 1 11 7 . 15 23 7 . . . . Terrain Destroyed 65 | . . . . 1 11 7 . 15 23 7 1 . . . Melee 63 | . . . . . 11 7 . 15 23 7 . . . . Projectile 2 | . . . . 1 . . . . . . 1 . . . AOE . | . . . . . . . . . . . . . . . Terrain Rammed . | . . . . . . . . . . . . . . . Walls Destroyed . | . . . . . . . . . . . . . . . Machines Disabled . | . . . . . . . . . . . . . . . Actions | -11 -10 -10 -10 -8 -7 -6 -6 -6 -5 -4 -4 -4 -3 -2 --------- Run | Yrd Mat Min Sub Mat Fac Fac Was Fac Fac Fac Upp Upp Res Res Total 10666 | 236 989 119 136 767 1416 1336 302 1266 1286 494 1350 17 609 343 Wait 1578 | . 66 15 5 240 290 135 . 125 285 69 333 . 15 . Move 8239 | 161 857 98 122 452 1048 1112 290 1002 940 396 956 11 538 256 Hop 13 | . . . . . . 4 . 8 . 1 . . . . Pick Up 66 | 7 15 1 2 5 10 6 . 6 7 3 2 . 2 . Fast Attach 77 | 6 1 . . 5 4 1 7 12 8 2 12 . 13 6 Attach 45 | 1 1 2 2 3 8 7 . . 3 4 10 1 3 . Detach 6 | . . . . 1 . 1 . . . . 2 . 2 . Swap 47 | 1 10 1 1 12 6 5 1 6 . 1 3 . . . Drop 48 | . 6 . . 5 11 5 2 11 6 2 . . . . Fire 225 | 60 33 2 4 44 2 9 . 37 . . 20 4 10 . Melee 128 | . . . . . 13 21 . 28 37 16 12 1 . . Ram 5 | . . . . . . . . . . . . . . 5 Kick 76 | . . . . . . . . . . . . . . 76 Crush 1 | . . . . . . . . 1 . . . . . . Escape Stasis 110 | . . . . . 24 30 . 30 . . . . 26 . Rewire 2 | . . . . . . . 2 . . . . . . . Trap . | . . . . . . . . . . . . . . . Miscellaneous . | . . . . . . . . . . . . . . . Route ------- -11/Scrapyard -10/Materials (discovered 6 exits: [*Mat x3] / [*Min x2] / [*Sub]) -10/Mines -10/Subcaves -8/Materials -7/Factory -6/Factory -6/Waste -6/Factory (discovered 2 exits: *Fac / [*Low]) -5/Factory (discovered 5 exits: *Fac / Upp x2 / Ext x2) -4/Factory -4/Upper Caves -4/Upper Caves -3/Research (discovered 2 exits: *Res / Tes) -2/Research History --------- Turn | Location | Event 40 | -11/Scrapyard | Discovered new exit (range 15) 393 | -11/Scrapyard | Entered Materials 394 | -10/Materials | Build established: Mutant 706 | -10/Materials | Discovered new exit (range 15) 780 | -10/Materials | Discovered new exit (range 16) 1069 | -10/Materials | Discovered new exit (range 14) 1310 | -10/Materials | Discovered new exit (range 6) 1464 | -10/Materials | Discovered new exit (range 13) 1638 | -10/Materials | Discovered new exit (range 8) 1964 | -10/Materials | Entered Mines 2029 | -10/Mines | Met a Derelict bent on vengeance 2035 | -10/Mines | Assembled infested the area 2040 | -10/Mines | Assisted by a Guerilla fighting off Assembled 2066 | -10/Mines | Discovered new exit (range 11) 2140 | -10/Mines | Core integrity fell below 50% 2140 | -10/Mines | Entered Subcaves 2141 | -10/Subcaves | Shifting Twisted Machinery released Battle Rifle 2142 | -10/Subcaves | Shifting Twisted Machinery released Mak. Light Armor Plating 2170 | -10/Subcaves | Lost 4 parts (1p1n1u1w) 2266 | -10/Subcaves | Discovered new exit (range 13) 2313 | -10/Subcaves | Shifting Twisted Machinery released Flamer 2313 | -10/Subcaves | Shifting Twisted Machinery released Sub. Beam Cannon 2317 | -10/Subcaves | Entered Materials 2317 | -8/Materials | Evolved 4 slots: Propulsion x2, Utility x2 2701 | -8/Materials | Build established: Skirmisher 3405 | -8/Materials | Discovered new exit (range 8) 3557 | -8/Materials | Identified exit to Factory 3559 | -8/Materials | Entered Factory 3559 | -7/Factory | Evolved 2 slots: Utility x2 3904 | -7/Factory | Build established: Scavenger-Scout 4309 | -7/Factory | Discovered new exit (range 7) 4311 | -7/Factory | Identified exit to Factory 4311 | -7/Factory | Entered another Factory area 4311 | -6/Factory | Evolved 2 slots: Propulsion x1, Utility x1 4445 | -6/Factory | Repaired Flight Unit+ 4612 | -6/Factory | Spotted B-75 Beast 4697 | -6/Factory | Lost 8 parts (1p5n1u1w) 4830 | -6/Factory | Fabricated Cld. VTOL Module? 4849 | -6/Factory | Build established: Hacker-Scout 4882 | -6/Factory | Fabricated Cld. VTOL Module? 4914 | -6/Factory | Sucked down chute 4914 | -6/Factory | Entered Waste 4914 | -6/Waste | The area was eerily silent 5232 | -6/Waste | Discovered new exit (range 16) 5260 | -6/Waste | Build established: Scavenger-Mutant 5351 | -6/Waste | Identified exit to Factory 5352 | -6/Waste | Entered Factory 5484 | -6/Factory | Repaired Cld. VTOL Module 5851 | -6/Factory | Build established: Scavenger-Assassin 6122 | -6/Factory | Cargo convoy interrupted 6141 | -6/Factory | Core integrity fell below 50% 6192 | -6/Factory | Lost 3 parts (1n1u1w) 6194 | -6/Factory | Build established: Scavenger-Mutant 6474 | -6/Factory | Discovered new exit (range 14) 6481 | -6/Factory | Discovered new exit (range 12) 6481 | -6/Factory | Spotted B-75 Beast 6488 | -6/Factory | Identified exit to Factory 6488 | -6/Factory | Entered another Factory area 6488 | -5/Factory | Evolved 2 slots: Propulsion x1, Utility x1 6528 | -5/Factory | Repaired Powered Hammer+ 6952 | -5/Factory | Identified exit to Upper Caves 6952 | -5/Factory | Identified exit to Extension 6972 | -5/Factory | Build established: Hacker-Scout 7091 | -5/Factory | Discovered new exit (range 13) 7120 | -5/Factory | Identified exit to Factory 7120 | -5/Factory | Entered another Factory area 7120 | -4/Factory | Evolved 2 slots: Utility x2 7232 | -4/Factory | Repaired Cld. VTOL Module 7323 | -4/Factory | Discovered new exit (range 4) 7324 | -4/Factory | Identified exit to Upper Caves 7324 | -4/Factory | Garrison activated, responded to threat 7346 | -4/Factory | Entered Upper Caves 7376 | -4/Upper Caves | Lost 8 parts (1p4n3u) 7438 | -4/Upper Caves | Attracted the attention of an 0b10 checkpoint 7631 | -4/Upper Caves | Build established: Hacker-Mutant 7768 | -4/Upper Caves | Learned Research stockpile data 7844 | -4/Upper Caves | Learned 8 Research zone layouts 7959 | -4/Upper Caves | Core integrity fell below 50% 8008 | -4/Upper Caves | Lost 11 parts (1p2n5u3w) 8853 | -4/Upper Caves | Discovered new exit (range 10) 8856 | -4/Upper Caves | Identified exit to Upper Caves 8856 | -4/Upper Caves | Entered another Upper Caves area 8868 | -4/Upper Caves | Discovered new exit (range 12) 8870 | -4/Upper Caves | Core integrity fell below 20% 8871 | -4/Upper Caves | Identified exit to Research 8872 | -4/Upper Caves | Entered Research 8872 | -3/Research | Evolved 2 slots: Propulsion x1, Utility x1 8873 | -3/Research | Identified exit to Testing 8897 | -3/Research | Lost 9 parts (2n4u3w) 8958 | -3/Research | Found Prototype Launcher 8959 | -3/Research | Identified Tesla Bomb Launcher 9152 | -3/Research | Build established: Mutant 9248 | -3/Research | Lost 5 parts (1p3u1w) 9315 | -3/Research | System corruption reached 10% 9323 | -3/Research | Lost 3 parts (2n1u) 9324 | -3/Research | System corruption reached 30% 9339 | -3/Research | Discovered new exit (range 14) 9361 | -3/Research | Identified exit to Research 9362 | -3/Research | Entered another Research area 9362 | -2/Research | Evolved 2 slots: Propulsion x1, Utility x1 9391 | -2/Research | Lost 7 parts (5n2w) 9612 | -2/Research | Lost 3 parts (1p1n1u) 9619 | -2/Research | Core integrity fell below 50% 9648 | -2/Research | Core integrity fell below 20% 9658 | -2/Research | Spotted B-90 Cyclops 9662 | -2/Research | Destroyed by P-80 Master with Gamma Rifle Last Messages --------------- 09629_ Slug penetrates Vacuum Chamber. 09631_ K-01 Serf cleans the Reaction Chamber. 09637_ K-01 Serf destroyed. 09637_ Slug penetrates Wall. 09637_ Slug penetrates Door. 09638_ K-01 Serf cleans the Reaction Chamber. 09643_ Acquired Adv. Terrain Scanner. 09647_ Slug penetrates Wall. 09648_ Penetrated by Slug. 09648_ Slug penetrates Wall. 09648_ Penetrated by Slug. 09649_ U-05 Engineer builds a Door. 09651_ Penetrated by Slug. 09651_ Slug penetrates R-10 Processor. 09652_ Penetrated by Slug. 09652_ R-10 Processor collects Wheel. 09654_ Slammed into T-07 Excavator. 09656_ Slug penetrates Wall. 09661_ Acquired Biometal Heavy Treads. Map ----- +----------------------------------------------------+ | ????????????????????????????????????????#+####+### | | ????????????????????????????????????????# % | | ????????????????????????????????????????# | | ????????????????????????????????????????# | | ???????????????????????????????????###### | | ???????????????????????????????????#%%%## """ | | ???????????????????????????????????#%%%## """ | | ???????????????????????????????????#%%%/% """ | | ?????????????????????????#? ???????#%% ## | | ????????????????#??????????????? ??#%% ## | | ???????????????????????????????????#%%%## | | ?????????????????????? ???????? ???#%%%## """ | | ??????????????????????? ??? ???? ??###+## """ | | ???????????????#??? ???????#?+??#????#% """ | | ??????????????????????#?#??## ##??#??# | | ????????????????????????? ?? ##???#?# | | ????????????????????????#???# #????#?# | | ???????????????????#????????# ######## """ | | ????????????????????????? ? # # # """ | | ??????????????? ? ????????? + # # """ | | ????????????????# ????? ???# #?? = # | | ????????????????## #######+## #?? # | | ?????????????????# #??? # | | ?????????????????# / ]#?? # | | ?????????????????# #####+## | | ?????????????????#+# ! !=@ p ###### | | ???????????????????# !== ##+##+######### | | ???????????????????# !== # # # | | ???????????????????+ + # # | | ?????????##????????# #BB##### # + | | ???????????????????# #BB#???# # # | | ???????????????????# ?####???# # #### | | ???????????????????# ?#????#?# = # #??### | | ?????????????????#?# ??#?#????###############?? ? | | ???????????????????#????????##?#????????#????????? | | ???????????????????? ?????#?#???????#??#?????????? | | ???????????? ? ???#????????#????????#???#??#?????? | | ???????????????#?????????#??#??????####??#????? ?? | | ?????????????????????????????????#?#????????#????? | | ????????????????#???????????#???????#????????????? | | | | | | | | | | | | | | | | | | | | | +----------------------------------------------------+ Best States ------------- Heat Dissipation 81 Energy Generation 25 Energy Capacity 325 Matter Stores 300 Matter Capacity 300 Sight Range 22 Robot Scan Range 15 Terrain Scan Range 24 Terrain Scan Density 110 Jamming Range 14 Power Amplification 30 EM Shielding 2 Armor Coverage 225 Resistance: EM 20 Propulsion Shielding 66 Evasion (%) 70 Recoil Reduction 2 Offensive Hacking 30 Defensive Hacking 12 Item Schematics ----------------- Cld. VTOL Module | -6/Factory | Scanalyzed Flight Unit | -6/Factory | Scanalyzed Robot Schematics ------------------ None Fabricated ------------ Cld. VTOL Module | x1 | -6/Factory Cld. VTOL Module | x1 | -6/Factory Repaired ---------- Flight Unit | 60% | -6/Factory Cld. VTOL Module | 16% | -6/Factory Powered Hammer | 10% | -5/Factory Cld. VTOL Module | 31% | -4/Factory Studied --------- Flight Unit | -8/Materials | Hacked Xenon Bombardment Thruster | -6/Factory | Hacked Powered Hammer | -6/Factory | Hacked Lgt. Angular Momentum Engine | -6/Factory | Hacked Alien Tech Used ----------------- None Achievements -------------- Physics Hates This One Trick Challenges ------------ None Game ------ Seed GravityCatalystMegashotty Manual? 0 Play Time 01:50:23 Cumulative 49.1 hours Start 2026.04.15 @ 21:11:12 End 2026.04.16 @ 00:15:58 Sessions 3 Manual Loads 0 Difficulty Rogue Special Mode None Game No. 60 Rogue 60 Adventurer 0 Explorer 0 Win Type - Total 0 Types 0/0/0/0/0/0/0/0/0/0 Lore% 25 Gallery% 34 Achievement% 27 Wizard Run 0 Options --------- Layout 2 ASCII 0 Keyboard 0 Movement Numpad Keybinds 1 Fullscreen 1 Font 24/Smallcaps Map View 50x44 Zoom Use 0% Tactical HUD 1 Map Filters NONE Filters NONE Steam 1 RUN: 872e3139-9c5e-4a54-ba68-337d932cc4cb